 Dungeon Crawl Stone Soup version 0.20-a0-317-gc038824 (webtiles) character file.

59669 Promi the Warrior (level 14, -3/138 HPs)
             Began as a Ghoul Monk on Dec 21, 2016.
             Was a High Priest of Ashenzari.
             Slain by a centaur warrior (6 damage)
             ... in a volcano.
             The game lasted 01:55:46 (28986 turns).

Promi the Warrior (Ghoul Monk)                     Turns: 28986, Time: 01:55:47

Health: -3/138     AC: 22    Str: 16    XL:     14   Next: 96%
Magic:  20/20      EV: 26    Int:  5    God:    Ashenzari [*****.]
Gold:   946        SH:  0    Dex: 20    Spells: 19/22 levels left

rFire  + + .     SeeInvis +     a - +1 falchion (venom) (curse)
rCold  + + .     Gourm    .     A - +2 ring mail of Hysteria {rF+ rCorr} (curse)
rNeg   + + +     Faith    .     (no shield)
rPois  ∞         Spirit   .     t - +2 hat (curse)
rElec  +         Reflect  .     N - +2 cloak (curse)
rCorr  +         Harm     .     h - +2 pair of gloves (curse)
MR     +++..     Clarity  +     B - +2 pair of boots (curse)
Stlth  +++.......               q - amulet of magic regeneration (curse)
                                G - ring of protection from magic (curse)
                                E - ring of protection from magic (curse)

@: agile, resistant, rotting
A: rotting body, claws 1, carnivore 3, cold resistance 1, negative energy
resistance 3, slow regeneration 1, torment resistance, unbreathing
a: Curse Item, Scrying, Transfer Knowledge, Renounce Religion


You were in a volcano.
You worshipped Ashenzari.
Ashenzari was extremely pleased with you.
You were not hungry.

You visited 4 branches of the dungeon, and saw 17 of its levels.
You also visited: Ossuary, Ice Cave and Volcano.

You collected 1471 gold pieces.
You spent 525 gold pieces at shops.

Inventory:

Hand Weapons
 a - a cursed +1 falchion of venom (weapon)
 p - a +2 dagger of venom
 U - a +1 falchion of electrocution
Armour
 h - a cursed +2 pair of gloves (worn)
 r - a +0 large shield
 t - a cursed +2 hat (worn)
 A - the cursed +2 ring mail of Hysteria (worn) {rF+ rCorr}
   (You found it on level 5 of the Dungeon)

   It protects you from fire.
   It protects you from acid and corrosion.
   It has a curse placed upon it.
 B - a cursed +2 pair of boots (worn)
 N - a cursed +2 cloak (worn)
Magical Staves
 m - an uncursed staff of conjuration
Jewellery
 f - a cursed amulet of inaccuracy
 q - a cursed amulet of magic regeneration (around neck)
 E - a cursed ring of protection from magic (left hand)
 G - a cursed ring of protection from magic (right hand)
Wands
 e - a wand of digging (17/24)
 o - a wand of iceblast (10/15)
 Q - a wand of disintegration (15/24)
Scrolls
 C - 13 scrolls of identify
 P - 3 scrolls of teleportation
 Z - a scroll of enchant armour
Potions
 d - a potion of invisibility
 l - 2 potions of flight
 n - 2 potions of agility
 v - a potion of haste
 D - 5 potions of curing
 I - 4 potions of might
 M - 3 potions of brilliance
Books
 g - a book of Frost

   Spells                             Type                      Level
   a - Freeze                         Ice                          1
   b - Throw Frost                    Conjuration/Ice              2
   c - Ozocubu's Armour               Charms/Ice                   3
   d - Throw Icicle                   Conjuration/Ice              4
   e - Summon Ice Beast               Ice/Summoning                4
 y - Taofujur's Grimoire of Unholy Arts and Attacks
   (You found it on level 5 of the Dungeon)

   Spells                             Type                      Level
   a - Sting                          Conjuration/Poison           1
   b - Pain                           Necromancy                   1
   c - Static Discharge               Conjuration/Air              3
 L - a book of Minor Magic

   Spells                             Type                      Level
   a - Magic Dart                     Conjuration                  1
   b - Blink                          Translocation                2
   c - Call Imp                       Summoning                    2
   d - Repel Missiles                 Charms/Air                   2
   e - Slow                           Hexes                        2
   f - Conjure Flame                  Conjuration/Fire             3
   g - Mephitic Cloud                 Conjuration/Poison/Air       3
 S - a Fen Folio

   Spells                             Type                      Level
   a - Corpse Rot                     Necromancy                   2
   b - Stone Arrow                    Conjuration/Earth            3
   c - Leda's Liquefaction            Hexes/Earth                  4
   d - Summon Forest                  Summoning/Translocation      5
   e - Hydra Form                     Transmutation                6
   f - Summon Hydra                   Summoning                    7
 Y - a book of Maledictions

   Spells                             Type                      Level
   a - Corona                         Hexes                        1
   b - Ensorcelled Hibernation        Hexes/Ice                    2
   c - Confuse                        Hexes                        3
   d - Tukima's Dance                 Hexes                        3
   e - Dazzling Spray                 Conjuration/Hexes            3
Comestibles
 c - 7 meat rations
 k - a chunk of flesh
 s - 13 royal jellies
 x - 3 beef jerkies
 z - 3 slices of pizza


   Skills:
 + Level 16.9 Fighting
 - Level 11.0(14.7) Long Blades
 - Level 8.8(12.7) Armour
 - Level 9.3(13.1) Dodging
 - Level 2.1 Stealth
 - Level 4.8 Spellcasting
 - Level 5.0(9.0) Conjurations
 - Level 6.5(10.5) Earth Magic


You had 19 spell levels left.
You knew the following spells:

 Your Spells              Type           Power        Failure   Level  Hunger
a - Stone Arrow           Conj/Erth      ##....       3%          3    ####...


Dungeon Overview and Level Annotations

Branches:
Dungeon (13/15)            Temple (1/1) D:6            Lair (1/6) D:11
    Orc (2/2) D:10            Elf (0/3) Orc:2
 Vaults: D:13-14

Altars:
Ashenzari
Cheibriados
Dithmenos
Elyvilon
Fedhas
Gozag
Hepliaklqana
Kikubaaqudgha
Makhleb
Nemelex Xobeh
Okawaru
Qazlal
Ru
Sif Muna
Trog
Uskayaw
Vehumet
Xom
Yredelemnul
Zin
The Shining One

Shops:
D:12 *   Orc:2 ([?[


Innate Abilities, Weirdness & Mutations

Your body is rotting away.
You thrive on raw meat.
You are immune to poison.
You have sharp fingernails.
You are carnivorous and can eat meat at any time.
Your flesh is cold resistant. (rC+)
You are immune to negative energy. (rN+++)
You regenerate slowly when monsters are visible.
You are immune to unholy pain and torment.
You can survive without breathing.


Message History

You hit the centaur warrior.
The centaur warrior looks as sick as possible!
The centaur warrior is heavily wounded.
The centaur warrior completely misses you.
You riposte.
You hit the centaur warrior.
The centaur warrior is severely wounded.
The air gets thick with the scent of sulphur.
The centaur warrior barely misses you.
You riposte.
You hit the centaur warrior but do no damage.
The centaur warrior looks as sick as possible!
The centaur warrior is severely wounded.
You see here a +2 longbow of flaming.
The centaur warrior misses you.
The yaktaur shoots a bolt.
The bolt hits you!!
* * * LOW HITPOINT WARNING * * *
The centaur warrior closely misses you.
Things that are here:
a bolt; a +4 battleaxe of flaming Eat a chunk of flesh? (ye/n/q)
You start eating the chunk of flesh.
The centaur warrior hits you.
You die...

* ≈ ≈ ≈ ≈≈ ≈ * * ≈≈
#######§≈≈≈§# *≈ ≈
**#$$))$###≈§≈ *
*{#.!.!.#.##§≈≈# *≈ ≈
*{ +.[.).'..# ≈§## *≈
≈** ,+.._..'..##≈≈≈#*
≈ *, #.....#...#≈≈≈≈
≈≈≈
*...#######...#§§≈≈ **
*≈ ≈
≈*...')!.@)p...#§§≈≈≈≈
*≈≈
≈*...#..≈.c#.c.#≈≈≈≈ *
≈ * ,#8≈≈≈8#(..#≈≈§≈*
≈≈ +..≈.((..## ≈§ ≈≈
≈*, +..(.)'..# § ≈
≈≈≈# {#8.((8#.##≈§§ *
≈≈§###.....###§≈§≈**
#≈≈≈≈≈(...(≈§≈§§§#
##≈§≈≈8(.(8≈§≈≈≈≈#


You could see a hell knight, a centaur warrior and a yaktaur.

Vanquished Creatures
  An orc warlord (Orc:1)
  Erolcha (D:11)
  2 ogre magi (Orc:2)
  2 hydras
  Harold (D:10)
  3 vault guards (D:13)
  13 two-headed ogres
  10 death yaks
  An orc high priest (Orc:1)
  Urug (Orc:1)
  4 unseen horrors
  2 deep trolls
  Pikel (D:8)
  3 orc knights
  An orc sorcerer (Orc:2)
  A manticore (D:13)
  3 cyclopes
  An ugly thing (D:13)
  Joseph (D:8)
  A spiny frog (Lair:1)
  A rime drake (IceCv)
  A yaktaur (Volcano)
  A queen bee (D:11)
  15 trolls
  10 polar bears
  A hornet (D:12)
  3 hippogriffs
  A spriggan (D:8)
  3 wraiths
  Sigmund (D:5)
  4 wyverns
  38 yaks
  5 hungry ghosts
  3 vampire mosquitoes (D:10)
  Edmund (D:4)
  5 wargs
  A soldier ant (D:12)
  An acid dragon (D:12)
  2 hell hounds (Lair:1)
  A water moccasin (D:10)
  29 orc warriors
  A black bear (D:9)
  A sky beast (D:13)
  An ice beast (D:13)
  3 necrophages
  An eye of draining (D:10)
  A phantom (D:8)
  26 ogres
  9 wolves
  11 centaurs
  A crocodile (D:10)
  A big kobold (D:13)
  10 bullfrogs
  4 scorpions
  32 killer bees
  An electric eel (D:13)
  8 crimson imps
  5 centaur zombies
  3 bullfrog zombies
  A quasit (D:5)
  A wyvern simulacrum (D:13)
  22 orc priests
  2 jellies
  3 bullfrog skeletons
  7 hounds
  31 orc wizards
  An iguana (D:12)
  Jessica (D:2)
  8 worker ants
  2 bullfrog simulacra (D:13)
  2 mummies
  A howler monkey skeleton (D:6)
  8 gnolls
  12 adders
  A shadow imp (D:6)
  A white imp (D:13)
  2 ufetubi (D:13)
  An ooze (D:4)
  An adder zombie (D:6)
  An adder skeleton (D:9)
  3 worms
  A dart slug (D:2)
  3 leopard geckos
  85 orcs
  7 bats
  4 giant cockroaches
  4 goblins
  8 hobgoblins
  15 jackals
  8 kobolds
  A quokka (D:8)
  A ball python (D:1)
  5 frilled lizards
  6 gnoll skeletons (Ossuary)
  A jackal skeleton (D:5)
  A jackal zombie (D:5)
  7 kobold skeletons (Ossuary)
  A leopard gecko skeleton (D:6)
  2 leopard gecko zombies
  12 orc skeletons (Ossuary)
  A quokka skeleton (D:5)
  A quokka zombie (D:5)
  6 rats
591 creatures vanquished.

Vanquished Creatures (others)
  A death yak (IceCv)
  2 polar bears (IceCv)
  6 yaks (IceCv)
  An orc warrior (Orc:1)
  A wolf (IceCv)
  2 centaurs
  A hound (D:8)
  An orc wizard (Orc:2)
15 creatures vanquished.

Grand Total: 606 creatures vanquished

Notes
Turn   | Place    | Note
-------+----------+-------------------------------------------
     0 | D:1      | Promi the Ghoul Monk began the quest for the Orb.
     0 | D:1      | Reached XP level 1. HP: 19/19 MP: 0/0
   321 | D:1      | Reached XP level 2. HP: 16/26 MP: 1/1
  1108 | D:2      | Found a hazy altar of Hepliaklqana.
  1124 | D:2      | Reached XP level 3. HP: 33/33 MP: 2/2
  1233 | D:2      | Noticed Jessica
  1240 | D:2      | Killed Jessica
  1240 | D:2      | Reached XP level 4. HP: 31/40 MP: 3/3
  1246 | D:2      | Reached skill level 4 in Fighting
  1658 | D:2      | Found a blossoming altar of Fedhas.
  2146 | D:3      | Reached XP level 5. HP: 45/46 MP: 4/4
  2274 | D:3      | Found a radiant altar of Vehumet.
  2274 | D:3      | Found a glowing golden altar of the Shining One.
  2666 | D:4      | Noticed Edmund
  2702 | D:4      | Noticed a necrophage
  3068 | D:4      | Killed a necrophage
  3068 | D:4      | Reached XP level 6. HP: 41/55 MP: 5/5
  3242 | D:4      | Reached skill level 1 in Armour
  3389 | D:4      | Killed Edmund
  3389 | D:4      | Reached skill level 5 in Fighting
  3918 | D:4      | Reached XP level 7. HP: 59/61 MP: 6/6
  4030 | D:5      | Entered Level 5 of the Dungeon
  4131 | D:5      | Identified Taofujur's Grimoire of Unholy Arts and Attacks
  4241 | D:5      | Reached skill level 6 in Fighting
  4297 | D:5      | Found a snail-covered altar of Cheibriados.
  4302 | D:5      | Got a bloodstained ring mail
  4314 | D:5      | Identified the +2 ring mail of Hysteria {rF+ rCorr} (You found it on level 5 of the Dungeon)
  4331 | D:5      | Noticed Sigmund
  4344 | D:5      | You fall through a shaft!
  4775 | D:6      | Reached skill level 5 in Long Blades
  5091 | D:6      | Reached XP level 8. HP: 68/70 MP: 7/7
  5126 | D:6      | Found a staircase to the Ecumenical Temple.
  5131 | Temple   | Entered the Ecumenical Temple
  5480 | Temple   | Became a worshipper of Ashenzari the Shackled
  5480 | Temple   | Reached * piety under Ashenzari
  5480 | Temple   | Reached ** piety under Ashenzari
  5720 | D:6      | Reached skill level 7 in Fighting
  6034 | D:7      | Noticed a yak
  6036 | D:7      | Noticed a yak
  6036 | D:7      | Noticed a yak
  6193 | D:7      | Found a sand-covered staircase.
  6206 | Ossuary  | Entered an ossuary
  6206 | Ossuary  | Noticed a wraith
  6206 | Ossuary  | Noticed a wraith
  6206 | Ossuary  | Noticed a wraith
  6464 | Ossuary  | Noticed a wraith
  6494 | Ossuary  | Killed a wraith
  6494 | Ossuary  | Reached skill level 5 in Dodging
  6805 | D:7      | Reached skill level 8 in Fighting
  7190 | D:8      | Reached XP level 9. HP: 48/81 MP: 8/8
  7413 | D:8      | Noticed Joseph
  7451 | D:8      | Killed Joseph
  7667 | D:8      | Reached skill level 9 in Fighting
  7777 | D:8      | Reached *** piety under Ashenzari
  8245 | D:7      | Noticed an unseen horror
  8293 | D:7      | Killed an unseen horror
  8408 | D:7      | Reached skill level 10 in Fighting
  8408 | D:7      | Reached XP level 10. HP: 93/93 MP: 9/9
  8774 | D:7      | Reached skill level 5 in Armour
  9045 | D:7      | Found a stormy altar of Qazlal.
  9742 | D:8      | Found a hazy altar of Hepliaklqana.
  9792 | D:8      | Noticed Pikel
  9809 | D:8      | Killed Pikel
  9862 | D:8      | Found an opulent altar of Gozag.
  9872 | D:8      | Found a deep blue altar of Sif Muna.
  9920 | D:8      | Noticed a two-headed ogre
  9948 | D:8      | Killed a two-headed ogre
  9948 | D:8      | Reached skill level 11 in Fighting
 10632 | D:9      | Reached XP level 11. HP: 84/103 MP: 10/10
 11052 | D:9      | Reached **** piety under Ashenzari
 11084 | D:9      | Reached skill level 12 in Fighting
 11198 | D:10     | Entered Level 10 of the Dungeon
 11216 | D:10     | Found a staircase to the Orcish Mines.
 11335 | D:10     | Noticed a two-headed ogre
 11357 | D:10     | Killed a two-headed ogre
 11574 | D:10     | Noticed an unseen horror
 11593 | D:10     | Killed an unseen horror
 11683 | D:10     | Noticed Harold
 11751 | D:10     | Killed Harold
 12840 | D:11     | Noticed Erolcha
 13006 | D:5      | Killed Sigmund
 13441 | D:6      | Found an ancient bone altar of Kikubaaqudgha.
 13441 | D:6      | Found a burning altar of Makhleb.
 13557 | Orc:1    | Entered Level 1 of the Orcish Mines
 13557 | Orc:1    | Noticed a cyclops
 13772 | Orc:1    | Killed a cyclops
 13772 | Orc:1    | Reached skill level 13 in Fighting
 13925 | Orc:1    | Noticed Urug
 14044 | Orc:1    | Reached XP level 12. HP: 86/115 MP: 11/11
 14569 | Orc:1    | Noticed an orc high priest
 14610 | Orc:1    | Noticed a soul eater
 14610 | Orc:1    | Killed an orc high priest
 14854 | Orc:2    | Entered Level 2 of the Orcish Mines
 15325 | Orc:2    | Found a staircase to the Elven Halls.
 15784 | Orc:2    | Noticed a two-headed ogre
 15788 | Orc:2    | Noticed a two-headed ogre
 15791 | Orc:2    | Found Gulec's Armour Boutique.
 15791 | Orc:2    | Noticed a two-headed ogre
 15791 | Orc:2    | Noticed an ogre mage
 15791 | Orc:2    | Noticed a two-headed ogre
 15892 | Orc:1    | HP: 3/116 [two-headed ogre/dire flail (20)]
 15909 | Orc:1    | Killed a two-headed ogre
 16360 | D:10     | Killed a two-headed ogre
 16633 | Orc:2    | Reached skill level 14 in Fighting
 16671 | Orc:1    | Killed a two-headed ogre
 16825 | Orc:2    | Paralysed by an ogre mage for 6 turns
 16843 | Orc:2    | Killed an ogre mage
 17103 | Orc:1    | Killed a two-headed ogre
 17228 | Orc:2    | Noticed a two-headed ogre
 17304 | Orc:2    | Noticed a two-headed ogre
 17321 | Orc:1    | Killed a two-headed ogre
 17426 | Orc:1    | Reached XP level 13. HP: 58/124 MP: 12/12
 17743 | Orc:2    | Noticed an orc warlord
 18251 | Orc:2    | Reached skill level 10 in Long Blades
 18493 | Orc:1    | Killed an orc warlord
 19501 | Orc:2    | Reached skill level 15 in Fighting
 19519 | Orc:2    | Found Qece's Armour Boutique.
 19519 | Orc:2    | Found Zanitzom's Weapon Emporium.
 19522 | Orc:2    | Found Wiememo's Magic Scroll Shop.
 20380 | Orc:2    | Bought a scroll of enchant weapon for 105 gold pieces
 21041 | Orc:1    | Killed Urug
 21593 | D:11     | Reached skill level 16 in Fighting
 21864 | D:12     | Found Ymeokum's Assorted Antiques.
 21891 | D:12     | Bought a thin hardcover book for 420 gold pieces
 21895 | D:12     | Learned a level 3 spell: Stone Arrow
 22092 | D:12     | Reached skill level 1 in Earth Magic
 22247 | D:12     | Reached skill level 1 in Spellcasting
 22292 | D:12     | Reached skill level 1 in Conjurations
 22517 | D:13     | Reached ***** piety under Ashenzari
 22519 | D:13     | Found a frozen archway.
 22535 | IceCv    | Entered an ice cave
 22771 | IceCv    | Reached XP level 14. HP: 137/137 MP: 15/15
 24111 | IceCv    | Noticed a frost giant
 24185 | IceCv    | HP: 4/137 [something (13)]
 25292 | D:13     | Reached skill level 5 in Earth Magic
 27357 | D:10     | Reached skill level 5 in Conjurations
 28049 | D:11     | Found a staircase to the Lair.
 28142 | D:11     | Killed Erolcha
 28841 | Lair:1   | Entered Level 1 of the Lair of Beasts
 28916 | Lair:1   | Found a dark tunnel.
 28924 | Volcano  | Entered a volcano
 28946 | Volcano  | Found a bloodstained altar of Trog.
 28963 | Volcano  | HP: 6/138 [yaktaur/bolt (1)]
 28985 | Volcano  | HP: 3/138 [yaktaur/bolt (24)]
 28986 | Volcano  | Slain by a centaur warrior

Vault maps used:
D:1:      evilmike_arrival_rings
D:2:      old_standard_altar, fedhas_altar_fruit_tree, uniq_jessica
D:3:      gammafunk_temple_overflow_elements
D:4:      first_bread, uniq_edmund
D:5:      basic_altar, kennysheep_nondescript, uniq_sigmund
D:6:      nicolae_overflow_hidden_temple
D:7:      kennysheep_mini, gup_ossuary_entry_pyramid
D:8:      minitemple, the_bakery, kennysheep_flooded_box, uniq_joseph,
          uniq_pikel
D:10:     orc_0_dummy, serial_co_window_serial, co_window_corner_a,
          co_window_of_opportunity_a, co_window_corner_a, co_window_corner_a,
          co_window_of_opportunity_a, co_window_paths_a,
          co_window_of_opportunity_a, co_window_paths_a, co_window_paths_b,
          co_window_corner_b, co_window_corner_b, co_window_cross_3,
          co_window_of_opportunity_c, co_window_broadway_a, co_window_paths_e,
          glass_columns_a, glass_columns_a, glass_columns_a, uniq_harold
D:11:     dpeg_lair_monsters, special_room, uniq_erolcha
D:12:     serial_shops, nicolae_shop_trees
D:13:     erik_vaults_2, serial_ice, serial_ice_l, serial_ice_g, serial_ice_b,
          serial_ice_f, portal_ice_cave_entry_pillars_1
Temple:   minmay_temple_forest_path
Lair:1:   enter_volcano_3
Orc:1:    uniq_urug
Orc:2:    st_orc_open
Ossuary:  ossuary_due_mausoleum
IceCv:    ice_cave_caverns_03
Volcano:  kennysheep_volcano_temple

Skill      XL: |  1  2  3  4  5  6  7  8  9 10 11 12 13 14 |
---------------+-------------------------------------------+-----
Long Blades    | 3 4 5 6 7 8 9 11 | 11.0
Dodging        | 3 4 5 6 7 8 9 |  9.3
Fighting       | 4 5 6 8 10 11 13 14 16 | 16.9
Armour         | 1 2 3 4 6 7 8 |  8.8
Earth Magic    | 2 6 |  6.5
Spellcasting   | 1 4 |  4.8
Conjurations   | 1 5 |  5.0
Stealth        | |  2.1

Action                   |  1- 3 |  4- 6 |  7- 9 | 10-12 | 13-15 || total
-------------------------+-------+-------+-------+-------+-------++-------
Melee: Falchion          |    50 |   154 |   601 |  1135 |  1487 ||  3427
       Dagger            |    24 |    75 |    11 |    23 |       ||   133
 Cast: Stone Arrow       |       |       |       |       |    21 ||    21
Invok: Curse Item        |       |       |     3 |     3 |     3 ||     9
       Scrying           |       |       |       |       |     1 ||     1
Evoke: Wand              |       |       |       |     4 |       ||     4
  Use: Scroll            |     5 |     3 |     5 |     3 |    13 ||    29
       Potion            |       |     9 |     7 |     1 |     9 ||    26
 Stab: Sleeping          |     2 |       |       |     2 |     2 ||     6
       Invisible         |       |       |     1 |       |       ||     1
       Distracted        |       |       |     1 |     1 |       ||     2
  Eat: Chunk             |     4 |     9 |    16 |    37 |    38 ||   104
       Meat ration       |       |       |       |       |     1 ||     1
       Beef jerky        |       |       |       |       |     1 ||     1
Armor: Ring mail         |    19 |    80 |   280 |   394 |   452 ||  1225
Dodge: Dodged            |    41 |   146 |   502 |  1014 |  1212 ||  2915
       Rpst.: Falchion   |     9 |    35 |   166 |   276 |   293 ||   779
